 Dungeon Crawl Stone Soup version 0.30-a0-578-gdee14c521f (webtiles) character file.

Game seed: 6618486310514464981

328 wormed the Covered (level 6, -1/55 HPs)
             Began as an Armataur Fighter on Jan 1, 2023.
             Slain by a killer bee (3 damage)
             ... on level 3 of the Dungeon.
             The game lasted 00:04:27 (2609 turns).

wormed the Covered (Armataur Fighter)               Turns: 2609, Time: 00:04:27

Health: -1/55      AC:  7    Str: 21 (23) XL:     6   Next: 25%
Magic:  6/6        EV:  7    Int:  6 (12) God:
Gold:   247        SH:  0    Dex:  2 (8)  Spells: 5/5 levels left

rFire   + . .      SeeInvis .    a - +1 flail
rCold   . . .      Faith    .    c - +0 buckler
rNeg    . . .      Spirit   .    b - +0 scale mail
rPois   .          Reflect  .    (helmet restricted)
rElec   .          Harm     .    (no cloak)
rCorr   .          Roll     +    (no gloves)
Will    .....                    (no barding) Stlth
                                 (no amulet)
HPRegen 0.29/turn                (no ring)
MPRegen 0.10/turn                (no ring)

@: confused, lethally poisoned (-1 -> -12), ambrosia-drunk, attractive
A: large, rugged brown scales 3, deformed body, armoured tail, roll, long
tongue, awkward tongue, beak, clever 1, fire resistance 1
a: no special abilities


You were on level 3 of the Dungeon.
You visited 1 branch of the dungeon, and saw 4 of its levels.

You collected 247 gold pieces.

Inventory:

Hand Weapons
 a - a +1 flail (weapon)
Armour
 b - a +0 scale mail (worn)
 c - a +0 buckler (worn)
Scrolls
 f - a scroll of amnesia {unknown}
 h - a scroll of acquirement {unknown}
 i - 2 scrolls of enchant weapon
 n - a scroll of fog {unknown}
 o - a scroll of teleportation {unknown}
 q - a scroll of silence
 s - a scroll of identify {unknown}
 u - a scroll of butterflies {unknown}
Potions
 j - 3 potions of brilliance


   Skills:
 + Level 3.6 Fighting
 * Level 4.1 Maces & Flails
 + Level 4.9 Armour
 + Level 4.4 Shields


You had 5 spell levels left.
You didn't know any spells.
Your spell library contained the following spells:

 Spells                   Type           Power      Damage    Failure   Level
 Sublimation of Blood     Necr           0%         N/A       94%         2
 Wereblood                Tmut           0%         N/A       94%         2
 Gell's Gravitas          Tloc           0%         N/A       99%         3
 Lesser Beckoning         Tloc           0%         N/A       99%         3
 Teleport Other           Tloc           0%         N/A       99%         3
 Tukima's Dance           Hex            0%         N/A       99%         3
 Passage of Golubria      Tloc           0%         N/A       100%        4
 Yara's Violent Unravell  Hex/Tmut       0%         3d3       100%        5
 Enfeeble                 Hex            0%         N/A       100%        7
 Summon Hydra             Summ           0%         N/A       100%        7


Dungeon Overview and Level Annotations

Branches:
Dungeon (4/15)
 Temple: D:4-7

Altars:
Elyvilon
Gozag


Innate Abilities, Weirdness & Mutations

You are completely covered in rugged brown scales. (AC +3, +7% HP)
Armour fits poorly on your strangely shaped body.
You have a long armoured tail.
You roll when moving toward enemies. (Rampage)
Your long tongue fully drains potion bottles. (2x potion effects)
Your tongue gives you trouble enunciating. (1.5x scroll delay)
You have a beak for a mouth.
Your mind is acute. (Int +4, Str/Dex -1)
Your flesh is heat resistant. (rF+)


Message History

You are more poisoned.
The killer bee poisons you!
The killer bee attacks as you move away!
The killer bee stings you but does no damage.
You feel very sick. You block the killer bee's attack.
There is a stone staircase leading up here.
You feel sick. You block the killer bee's attack. The killer bee stings you!
The killer bee barely misses you.
You climb upwards.
You feel sick.
There is a stone staircase leading down here.
You see here a +1 helmet.
You slurp down every last drop of the bubbling dark potion!
It was a potion of ambrosia.
You are confused.
You feel invigorated.
You feel sick. The killer bee stings you.
The killer bee stings you but does no damage.
The killer bee stings you.
* * * LOW HITPOINT WARNING * * *
The killer bee stings you but does no damage.
You slurp down every last drop of the fizzy yellow potion!
It was a potion of attraction.
You feel attractive to monsters.
You feel sick. The killer bee closely misses you. The killer bee stings you.
* * * LOW HITPOINT WARNING * * *
The killer bee stings you.
* * * LOW HITPOINT WARNING * * *
The killer bee stings you but does no damage.
You are too confused!
You are too confused!
You closely miss the killer bee.
You feel sick. The killer bee stings you!
* * * LOW HITPOINT WARNING * * *
You are more poisoned.
The killer bee poisons you! The killer bee stings you.
* * * LOW HITPOINT WARNING * * *
The killer bee stings you but does no damage.
The killer bee stings you!
* * * LOW HITPOINT WARNING * * *
The killer bee stings you.
You die...

...........#
##.#
...#.......#
#.##
...#.P._.P.#
#..#
...........#
##.#
...####..#####
#.# ...#
#......# #.##
...# ######.#
#..# ####
#.####.##
#..#.@y)#
##...y..# #
###....# #
#....# #
#....# #
####....# #
####†......# #
#....####### #
#.####


You could see 2 killer bees.

Vanquished Creatures
  A scorpion (D:4)
  A hound (D:4)
  An orc priest (D:4)
  An orc wizard (D:4)
  3 gnolls
  7 adders
  3 worms
  A dart slug (D:2)
  6 orcs (D:3)
  3 endoplasms
  2 giant cockroaches
  12 goblins
  7 hobgoblins
  5 jackals
  2 kobolds
  5 quokkas
  8 ball pythons
  5 bats
  2 frilled lizards (D:1)
  5 rats
80 creatures vanquished.

Notes
Turn   | Place    | Note
-------+----------+-------------------------------------------
     0 | D:1      | wormed the Armataur Fighter began the quest for the Orb.
     0 | D:1      | Reached XP level 1. HP: 19/19 MP: 1/1
    94 | D:1      | Reached XP level 2. HP: 24/26 MP: 2/2
   879 | D:2      | Reached XP level 3. HP: 20/32 MP: 3/3
  1559 | D:3      | Found a white marble altar of Elyvilon.
  1580 | D:3      | Reached XP level 4. HP: 33/40 MP: 4/4
  1763 | D:3      | Reached XP level 5. HP: 30/48 MP: 5/5
  1888 | D:3      | Found an opulent altar of Gozag.
  2489 | D:4      | Gained mutation: You are clumsy. (Dex -2) [potion of
                  | mutation]
  2489 | D:4      | Gained mutation: Your flesh is cold resistant. (rC+)
                  | [potion of mutation]
  2489 | D:4      | Gained mutation: You are partially covered in large bone
                  | plates. (SH +4) [potion of mutation]
  2501 | D:4      | Reached XP level 6. HP: 39/54 MP: 6/6
  2584 | D:3      | Lost mutation: You are partially covered in large bone
                  | plates. (SH +4) [potion of mutation]
  2584 | D:3      | Lost mutation: You are clumsy. (Dex -2) [potion of
                  | mutation]
  2584 | D:3      | Lost mutation: Your flesh is cold resistant. (rC+) [potion
                  | of mutation]
  2584 | D:3      | Gained mutation: You have a beak for a mouth. [potion of
                  | mutation]
  2584 | D:3      | Gained mutation: Your mind is acute. (Int +4, Str/Dex -1)
                  | [potion of mutation]
  2584 | D:3      | Gained mutation: Your flesh is heat resistant. (rF+)
                  | [potion of mutation]
  2609 | D:3      | HP: 2/55 [killer bee (8)]
  2609 | D:3      | Slain by a killer bee

Illustrated notes

Levels and vault maps discovered:
D:1:      psy_arrival_whirlpool, layout_basic, dreamdust_wishing_well,
          nicolae_eternal_life
D:2:      layout_loops_ring
D:3:      layout_rooms, mainiacjoe_overflow_tiny_flanked,
          nicolae_gozag_cash_rules_everything_around_me, nrook_mini_vaults,
          minmay_misc_feat_roman, guppyfry_early_orc_mine
D:4:      layout_basic, grunt_temple_overflow_open

Skill      XL: |  1  2  3  4  5 |
---------------+----------------+-----
Maces & Flails | 2 3 4 |  4.1
Armour         | 4 |  4.9
Fighting       | 3 |  3.6
Shields        | 4 |  4.4

Action                   |  1- 3 |  4- 6 || total
-------------------------+-------+-------++-------
Melee: Flail             |   120 |   132 ||   252
       Tailslap          |    11 |    12 ||    23
  Use: Scroll            |     1 |     1 ||     2
       Potion            |       |    10 ||    10
Armor: Scale mail        |    58 |   103 ||   161
Dodge: Dodged            |    49 |    63 ||   112
Block: Buckler           |    19 |    42 ||    61

Table legend: (Time is in decaauts)
 A = Elapsed time spent in this place.
 B = Non-inter-level travel time spent in this place.
 C = Inter-level travel time spent in this place.
 D = Time resting spent in this place.
 E = Time spent auto-exploring this place.
 F = Levels seen in this place.
 G = Mean time per level.
                   A        B        C        D        E       F      G
               +--------+--------+--------+--------+--------+-----+--------+
         Total |   2664 |   2582 |     82 |      0 |   1990 |   4 |  666.0 |
       Dungeon |   2664 |   2582 |     82 |      0 |   1990 |   4 |  666.0 |
               +--------+--------+--------+--------+--------+-----+--------+

Top non-repeatable levels by time:
     D:3: 908 daAuts
     D:1: 874 daAuts
     D:2: 815 daAuts
     D:4: 66 daAuts
